 Dungeon Crawl Stone Soup version 0.21.1-1-g345015f (webtiles) character file.

228 Kairos the Cudgeler (level 6, -2/46 HPs)
             Began as a Human Skald on Mar 26, 2018.
             Slain by Kairos's ghost (5 damage)
             ... on level 3 of the Dungeon.
             The game lasted 00:08:09 (4623 turns).

Kairos the Cudgeler (Human Skald)                   Turns: 4623, Time: 00:08:10

Health: -2/46      AC:  5    Str: 13    XL:     6   Next: 22%
Magic:  9/9        EV: 11    Int: 14    God:
Gold:   109        SH:  0    Dex: 12    Spells: 6/9 levels left

rFire    . . .     SeeInvis .   r - +0 war axe
rCold    + . .     Gourm    .   (no shield)
rNeg     . . .     Faith    .   p - +0 ring mail
rPois    .         Spirit   .   (no helmet)
rElec    .         Reflect  .   (no cloak)
rCorr    .         Harm     .   (no gloves)
MR       .....                  (no boots)
Stlth    +.........             (no amulet)
HPRegen  0.15/turn              g - ring of protection from cold
MPRegen  0.11/turn              t - ring of wizardry (curse)

@: no status effects
A: no striking features
a: no special abilities


You were on level 3 of the Dungeon.
You were not hungry.

You visited 1 branch of the dungeon, and saw 3 of its levels.

You collected 109 gold pieces.

Inventory:

Hand Weapons
 a - a +0 mace
 r - a +0 war axe (weapon)
Armour
 b - a +0 leather armour
 p - a +0 ring mail (worn)
Jewellery
 g - a ring of protection from cold (left hand)
 n - an uncursed ring of fire
 t - a cursed ring of wizardry (right hand)
Scrolls
 e - 2 scrolls of amnesia {unknown}
 h - 2 scrolls of remove curse {unknown}
 j - 3 scrolls of teleportation {unknown}
 k - 3 scrolls of fear
 l - 3 scrolls of identify {unknown}
 o - a scroll of enchant weapon {unknown}
 v - a scroll of immolation {unknown}
 w - a scroll of magic mapping {unknown}
Potions
 f - a potion of might {unknown}
 i - a potion of curing
 m - 4 potions of mutation {unknown}
 q - a potion of berserk rage {unknown}
 s - a potion of heal wounds {unknown}
 u - a potion of brilliance {unknown}
 x - 2 potions of magic {unknown}
Books
 c - a book of Battle

   Spells                             Type                      Level
   a - Infusion                       Charms                       1
   b - Shroud of Golubria             Charms/Translocation         2
   c - Song of Slaying                Charms                       2
   d - Spectral Weapon                Hexes/Charms                 3
   e - Regeneration                   Charms/Necromancy            3
Comestibles
 d - 6 rations
 z - 3 chunks of flesh


   Skills:
 + Level 2.8 Fighting
 + Level 0.5(2.5) Axes
 + Level 3.9(4.0) Maces & Flails
 + Level 2.3 Armour
 + Level 3.0 Dodging
 + Level 0.3 Stealth
 + Level 2.2 Spellcasting
 + Level 3.3 Charms


You had 6 spell levels left.
You knew the following spells:

 Your Spells              Type           Power        Failure   Level  Hunger
a - Infusion              Chrm           ##..         4%          1    #......
b - Shroud of Golubria    Chrm/Tloc      #.........   16%         2    ###....


Dungeon Overview and Level Annotations

Branches:
Dungeon (3/15)

Altars:
Trog

Annotations:
D:3 Kairos's ghost, amateur MfSk


Message History

Kairos's ghost is almost destroyed.
Kairos's ghost hits you.
* * * LOW HITPOINT WARNING * * *
You closely miss Kairos's ghost.
Kairos's ghost is almost destroyed.
Kairos's ghost closely misses you.
You closely miss Kairos's ghost.
Kairos's ghost is almost destroyed.
Kairos's ghost closely misses you. x2
You closely miss Kairos's ghost.
Kairos's ghost is almost destroyed.
Kairos's ghost hits you but does no damage.
You hit Kairos's ghost but do no damage.
Kairos's ghost is almost destroyed.
Kairos's ghost hits you but does no damage.
Kairos's ghost closely misses you.
You hit Kairos's ghost but do no damage.
Kairos's ghost is almost destroyed.
Kairos's ghost hits you.
You die...

.....##...........###.......#
.######...........##......>.#
.# #.############........# ##
#.### #..#.....## # #...#
#.###...## ## ###.### ##.#
##### .## #...### ##..# ..###
###...###).###### #...###
###...@W......# ###...#
#####.#####.# ###.# ###..#
#.###### #.#### #...##
#......# #....# ##.###
######.# ####.####..######
#..# #......o.)...# ##.##
######.#####...####..#
##....#######.##...##


You could see Kairos's ghost.

Vanquished Creatures
  A scorpion (D:2)
  Jessica (D:2)
  5 adders (D:2)
  3 oozes (D:1)
  2 worms
  2 dart slugs
  A leopard gecko (D:1)
  2 orcs (D:3)
  A ball python (D:2)
  4 giant cockroaches (D:1)
  15 goblins
  7 hobgoblins (D:1)
  15 jackals
  2 quokkas (D:2)
  8 bats
  3 frilled lizards (D:1)
  4 kobolds
  4 rats
80 creatures vanquished.

Notes
Turn   | Place    | Note
-------+----------+-------------------------------------------
     0 | D:1      | Kairos the Human Skald began the quest for the Orb.
     0 | D:1      | Reached XP level 1. HP: 16/16 MP: 3/3
   375 | D:1      | Reached XP level 2. HP: 15/22 MP: 5/5
   532 | D:1      | Reached XP level 3. HP: 12/27 MP: 1/6
   897 | D:1      | Reached XP level 4. HP: 24/33 MP: 2/7
  1928 | D:2      | Reached XP level 5. HP: 20/39 MP: 2/8
  2241 | D:2      | Learned a level 2 spell: Shroud of Golubria
  2980 | D:2      | Noticed Jessica
  2991 | D:2      | Killed Jessica
  2991 | D:2      | Reached XP level 6. HP: 16/46 MP: 6/9
  3449 | D:3      | Found a bloodstained altar of Trog.
  3548 | D:3      | Noticed Kairos's ghost (amateur MfSk)
  4618 | D:3      | HP: 2/46 [Kairos's ghost (5)]
  4623 | D:3      | Slain by Kairos's ghost

Skill      XL: |  1  2  3  4  5 |
---------------+----------------+-----
Maces & Flails | 3 |  3.9
Armour         | 2 |  2.3
Dodging        | 3 |  3.0
Fighting       | |  2.8
Axes           | |  0.5
Stealth        | |  0.3
Spellcasting   | |  2.2
Charms         | |  3.3

Action                   |  1- 3 |  4- 6 || total
-------------------------+-------+-------++-------
Melee: Mace              |   117 |   151 ||   268
       War axe           |       |   122 ||   122
 Cast: Infusion          |     3 |     9 ||    12
       Shroud of Golubri |       |     1 ||     1
  Use: Potion            |     1 |     1 ||     2
       Scroll            |       |     1 ||     1
  Eat: Chunk             |       |     6 ||     6
       Ration            |       |     2 ||     2
Armor: Leather armour    |    44 |    40 ||    84
       Ring mail         |       |    55 ||    55
Dodge: Dodged            |   111 |   223 ||   334
